 Dungeon Crawl Stone Soup version 0.29.1-12-g30fa7ad0bf (webtiles) character file.

Game seed: 13194902605833446623

93 112233 the Ogre Mage (level 4, 0/44 HPs)
             Began as an Ogre Fire Elementalist on Dec 17, 2022.
             Killed from afar by Ijyb (5 damage)
             ... with a puff of flame
             ... on level 3 of the Dungeon.
             The game lasted 00:02:00 (2816 turns).

112233 the Ogre Mage (Ogre Fire Elementalist)       Turns: 2816, Time: 00:02:01

Health: 0/44       AC:  3    Str: 12    XL:     4   Next: 62%
Magic:  1/9        EV:  9    Int: 18    God:
Gold:   104        SH:  0    Dex:  9    Spells: 7/10 levels left

rFire   . . .      SeeInvis .   g - +0 whip
rCold   . . .      Faith    .   (no shield)
rNeg    . . .      Spirit   .   a - +0 robe
rPois   .          Reflect  .   (helmet restricted)
rElec   .          Harm     .   (no cloak)
rCorr   .          Rampage  .   (gloves unavailable)
Will    .....                   (boots unavailable)
Stlth   +.........              (no amulet)
HPRegen 0.14/turn               (no ring)
MPRegen 0.11/turn               (no ring)

@: no status effects
A: large, unfitting armour, tough skin 1
a: no special abilities


You were on level 3 of the Dungeon.
You visited 1 branch of the dungeon, and saw 3 of its levels.

You collected 104 gold pieces.

Inventory:

Hand Weapons
 g - a +0 whip (weapon)
Armour
 a - a +0 robe (worn)
Wands
 p - a wand of paralysis (8)
Scrolls
 c - 5 scrolls of magic mapping {unknown}
 d - a scroll of identify {unknown}
 e - a scroll of fear {unknown}
 n - a scroll of amnesia {unknown}
 o - a scroll of blinking {unknown}
Potions
 b - a potion of magic
 f - 2 potions of curing {unknown}
 h - a potion of ambrosia {unknown}
 i - a potion of might {unknown}
 j - a potion of brilliance {unknown}
 k - a potion of cancellation {unknown}
 l - a potion of haste {unknown}
 m - 2 potions of heal wounds {unknown}


   Skills:
 + Level 2.7 Fighting
 - Level 1.8 Dodging
 - Level 1.4 Stealth
 + Level 3.5 Spellcasting
 - Level 1.0 Conjurations
 + Level 3.5 Fire Magic


You had 7 spell levels left.
You knew the following spells:

 Your Spells              Type           Power      Damage    Failure   Level
a - Foxfire               Conj/Fire      44%        2x1d6     6%          1
b - Scorch                Fire           30%        2d7       5%          2

Your spell library contained the following spells:

 Spells                   Type           Power      Damage    Failure   Level
 Conjure Flame            Conj/Fire      11%        6-21      19%         3
 Inner Flame              Hex/Fire       9%         N/A       22%         3
 Flame Wave               Conj/Fire      11%        2d6       52%         4


Dungeon Overview and Level Annotations

Branches:
Dungeon (3/15)

Altars:
Trog

Annotations:
D:3 Ijyb


Innate Abilities, Weirdness & Mutations

You are too large for most types of armour.
You have tough skin. (AC +1)


Message History

The foxfire hits Ijyb but does no damage.
Casting: Foxfire (safe; 6% risk of failure)
Confirm with . or Enter, or press ? or * to list all spells.
Flames lash Ijyb.
Ijyb resists.
Ijyb is lightly wounded.
Ijyb's fire resistance burns away.
Ijyb hits you with a +4 club. Ijyb hits you with a +4 club.
Unknown command.
Your foxfire dissipates!
Ijyb is no longer more vulnerable to fire.
Casting: Scorch (safe; 5% risk of failure)
Confirm with . or Enter, or press ? or * to list all spells.
Flames lash Ijyb.
Ijyb resists.
Ijyb is moderately wounded.
Ijyb's fire resistance burns away.
Ijyb hits you with a +4 club.
Ijyb screams, "You nasty!
Big nasty!"
Ijyb zaps a wand.
The puff of flame misses you.
Casting: Scorch (safe; 5% risk of failure)
Confirm with . or Enter, or press ? or * to list all spells.
Flames lash the orc.
The orc is heavily wounded.
The orc's fire resistance burns away.
Ijyb zaps a wand.
The puff of flame hits you!
Ijyb is no longer more vulnerable to fire.
Ijyb hits you with a +4 club.
You barely miss Ijyb.
Ijyb is moderately wounded.
The orc is no longer more vulnerable to fire.
Ijyb completely misses you.
Okay, then.
Casting: Scorch (safe; 5% risk of failure)
Confirm with . or Enter, or press ? or * to list all spells.
You conjure some foxfire!
Ijyb zaps a wand.
The puff of flame hits you! Ijyb hits you with a +4 club!
* * * LOW HITPOINT WARNING * * *
Your foxfire dissipates!
The foxfire hits Ijyb.
Ijyb completely resists.
Ijyb is moderately wounded.
Ijyb zaps a wand.
The puff of flame hits you.
You die...

...
..........######.#
...
########.........#
#.######### .# #.#
#.. #.# #... #.#
#.... #.#
......####ยง#
......'og.@#
......###### .....
.... ... .. .


You could see Ijyb and an orc.

Vanquished Creatures
  Terence (D:1)
  An adder (D:2)
  2 worms (D:2)
  A dart slug (D:2)
  3 ball pythons
  3 bats (D:1)
  7 endoplasms
  4 giant cockroaches
  2 goblins
  5 hobgoblins (D:1)
  2 jackals (D:1)
  7 kobolds
  2 quokkas
  3 frilled lizards
  6 rats
49 creatures vanquished.

Vanquished Creatures (others)
  168 foxfires
168 creatures vanquished.

Grand Total: 217 creatures vanquished

Notes
Turn   | Place    | Note
-------+----------+-------------------------------------------
     0 | D:1      | 112233 the Ogre Fire Elementalist began the quest for the
                  | Orb.
     0 | D:1      | Reached XP level 1. HP: 16/16 MP: 3/3
    76 | D:1      | Reached skill level 1 in Conjurations
   346 | D:1      | Reached XP level 2. HP: 26/26 MP: 3/5
   463 | D:1      | Reached skill level 1 in Fighting
   844 | D:1      | Reached XP level 3. HP: 19/33 MP: 0/7
  1615 | D:2      | Learned a level 2 spell: Scorch
  2036 | D:2      | Noticed Terence
  2050 | D:1      | Killed Terence
  2051 | D:1      | Reached XP level 4. HP: 37/44 MP: 0/9
  2330 | D:2      | Found a bloodstained altar of Trog.
  2798 | D:3      | Noticed Ijyb
  2816 | D:3      | Killed from afar by Ijyb

Illustrated notes

Levels and vault maps discovered:
D:1:      psy_arrival_heroes, layout_basic
D:2:      layout_loops_ring, basic_altar, uniq_terence
D:3:      layout_basic, uniq_ijyb

Skill      XL: |  1  2  3 |
---------------+----------+-----
Conjurations   | 1 |  1.0
Fighting       | 1 2 |  2.7
Fire Magic     | 3 |  3.5
Spellcasting   | 3 |  3.5
Dodging        | |  1.8
Stealth        | |  1.4

Action                   |  1- 3 |  4- 6 || total
-------------------------+-------+-------++-------
Melee: Unarmed           |     4 |       ||     4
       Whip              |     1 |     1 ||     2
 Cast: Foxfire           |    83 |    19 ||   102
       Scorch            |     2 |     5 ||     7
Armor: Robe              |    17 |     2 ||    19
Dodge: Dodged            |    30 |     4 ||    34
